Map: King's Cove LE

Players

Moja

  • Race: Terran Terran
  • League: Grandmaster
  • Spawn Location: 5:00

Kelazhur - Winner!

  • Race: Terran Terran
  • League: Master
  • Spawn Location: 11:00

Event: HomeStory Cup XXVI

VOD

Have the link to the VOD?

Description

Time

  • Played on: Nov. 29, 2024, 1:39 p.m.
  • Length: 14:04

All games in this series

Show
View Real Time Build Order
Export as new Build Order

Moja Terran 

Build Orders:  

Get SALT Encoding   

  12  0:00  SCV  
  13  0:12  SCV  
  14  0:17  Supply Depot  
  14  0:24  SCV  
  15  0:39  SCV, Barracks  
  16  0:44  Refinery  
  16  0:51  SCV  
  16  0:54  Refinery  
  17  1:03  SCV  
  18  1:15  SCV  
  19  1:26  Reaper  
  19  1:27  Orbital Command  
  19  1:31  Supply Depot  
  20  1:45  Factory  
  20  1:53  SCV  
  21  1:58  Reaper  
  22  2:05  SCV  
  22  2:17  SCV  
  26  2:30  SCV, Hellion  
  26  2:37  Reaper  
  26  2:40  Supply Depot  
  26  2:42  SCV  
  29  2:51  Hellion  
  29  2:54  SCV  
  28  3:06  SCV  
  28  3:09  Reaper  
  32  3:13  Hellion  
  32  3:18  SCV  
  33  3:30  SCV, Command Center  
  33  3:34  Factory Tech Lab  
  34  3:43  SCV  
  31  3:50  Barracks Reactor  
  31  3:55  SCV  
  31  4:08  Cyclone  
  31  4:09  SCV  
  35  4:11  Starport  
  35  4:12  Supply Depot  
  35  4:21  SCV  
  36  4:26  Marine x2  
  38  4:33  SCV  
  39  4:39  Refinery  
  39  4:42  Orbital Command  
  39  4:45  SCV, Marine x2  
  41  4:52  Factory Tech Lab  
  42  4:56  Raven, Interference Matrix  
  42  4:57  SCV  
  45  5:04  Orbital Command  
  45  5:05  Marine x2  
  47  5:10  SCV  
  47  5:11  Siege Tank  
  51  5:22  SCV  
  51  5:23  Marine x2  
  52  5:31  SCV  
  52  5:32  Raven  
  52  5:34  SCV  
  56  5:43  SCV  
  56  5:46  SCV  
  56  5:49  Siege Tank  
  59  5:55  SCV  
  62  6:01  SCV  
  62  6:03  Supply Depot x2  
  61  6:07  SCV, Command Center  
  62  6:17  Raven, SCV  
  65  6:19  SCV  
  66  6:26  Stimpack  
  66  6:29  SCV  
  66  6:32  SCV, Factory Reactor  
  68  6:33  Barracks x2  
  68  6:35  Refinery  
  68  6:37  Supply Depot  
  68  6:40  Marine  
  68  6:41  SCV  
  68  6:44  SCV  
  71  6:48  Engineering Bay  
  71  6:49  Engineering Bay  
  71  6:53  SCV  
  72  6:56  SCV  
  73  7:02  Marine  
  73  7:05  SCV, Starport Reactor  
  73  7:08  SCV  
  69  7:17  SCV  
  69  7:20  SCV  
  68  7:24  Orbital Command  
  68  7:29  SCV  
  64  7:32  SCV, Marine x3  
  68  7:39  Terran Infantry Weapons Level 1  
  68  7:40  Terran Infantry Armor Level 1  
  68  7:41  SCV  
  68  7:43  Marine x2  
  68  7:44  SCV, Medivac x2  
  73  7:50  Marine x3  
  78  7:52  Missile Turret  
  78  7:54  SCV  
  78  7:56  SCV  
  75  8:01  Orbital Command, Marine  
  75  8:06  SCV  
  75  8:08  SCV  
  75  8:09  Missile Turret  
  75  8:10  Combat Shield  
  77  8:16  Siege Tank  
  77  8:18  SCV  
  77  8:19  Marine x2  
  82  8:20  SCV  
  82  8:24  Marine x3  
  87  8:28  SCV  
  87  8:30  SCV  
  87  8:33  SCV  
  90  8:35  Medivac  
  90  8:36  Supply Depot  
  90  8:37  Marine x2  
  94  8:42  SCV, Missile Turret  
  94  8:43  SCV  
  94  8:44  Marine  
  94  8:45  SCV  
  98  8:53  Marine x2  
  98  8:54  Siege Tank, SCV  
  104  8:58  SCV, Armory  
  104  9:01  Marine x2  
  107  9:06  SCV  
  108  9:10  Medivac x2  
  108  9:11  Barracks x2  
  108  9:14  SCV  
  108  9:16  Marine x2  
  115  9:23  SCV  
  116  9:28  Supply Depot x2, Siege Tank  
  119  9:31  Supply Depot, Marine  
  120  9:40  Marine x3  
  120  9:41  SCV  
  120  9:42  SCV  
  125  9:45  Supply Depot, Command Center  
  124  9:54  SCV, Marine x2  
  126  10:00  Marine x2  
  126  10:01  Barracks Tech Lab  
  126  10:02  Barracks Tech Lab  
  124  10:08  Marine  
  120  10:15  Marine x2  
  120  10:19  Marine x2  
  120  10:20  SCV x3  
  127  10:25  Terran Infantry Armor Level 2, Terran Infantry Weapons Level 2  
  127  10:26  Terran Vehicle Weapons Level 1  
  127  10:27  Marine  
  129  10:35  Marine x2  
  129  10:36  Refinery  
  129  10:37  Refinery  
  129  10:41  Marine x2  
  133  10:42  SCV  
  133  10:44  Barracks Reactor  
  133  10:45  Marine  
  134  10:50  Barracks Reactor  
  134  10:53  Marine x2  
  131  10:58  Marine x2  
  131  11:01  Siege Tank, Medivac x2  
  131  11:02  Marine  
  131  11:08  Command Center  
  130  11:11  Marine x2  
  130  11:16  Marine x2  
  132  11:20  Marine  
  132  11:23  Marine x2  
  135  11:25  Factory  
  135  11:27  Marine  
  135  11:29  Marine x2  
  135  11:30  Marine  
  137  11:34  Marine x2  
  137  11:38  Marine  
  143  11:40  Marine  
  143  11:41  Marine  
  143  11:45  Marine  
  143  11:47  Marine x2  
  146  11:48  Marine  
  146  11:52  Marine x2  
  151  11:56  Marine  
  151  11:58  Marine x2  
  151  11:59  Siege Tank  
  154  12:03  Marine  
  154  12:04  Marine  
  154  12:05  Marine  
  157  12:19  Siege Tank, Marine x6, Medivac  
  157  12:21  Marine  
  157  12:22  Marine x2  
  169  12:24  Supply Depot  
  165  12:37  Marine x6  
  165  12:38  Marine  
  165  12:40  Marine  
  165  12:42  Siege Tank, Marine  
  169  12:44  Barracks  
  169  12:45  Barracks  
  169  12:46  Barracks  
  163  12:55  Marine x4  
  133  12:59  Marine x4  
  133  13:01  Marine  
  133  13:02  Siege Tank  
  141  13:12  Marine x4  
  141  13:15  Siege Tank  
  141  13:17  Marine x2  
  150  13:21  Marine x3  
  153  13:30  Marine  
  153  13:32  Missile Turret  
  153  13:40  Marine x3  
  136  13:42  Marine x4  
  136  13:43  Marine x2  
  136  13:44  Marine x2  
Show
View Real Time Build Order
Export as new Build Order

Kelazhur Terran - Winner!

Build Orders:  

Get SALT Encoding   

  12  0:00  SCV  
  13  0:14  Supply Depot  
  13  0:18  SCV  
  14  0:37  Barracks  
  14  0:40  Refinery  
  14  0:56  Barracks  
  14  0:59  SCV  
  15  1:11  SCV  
  16  1:24  Reaper  
  17  1:26  Orbital Command  
  17  1:36  Refinery  
  17  1:43  Reaper  
  18  1:52  SCV  
  19  2:00  Reaper  
  20  2:05  SCV  
  21  2:10  Supply Depot  
  21  2:15  Reaper  
  22  2:18  SCV  
  23  2:32  Reaper  
  24  2:37  SCV  
  24  2:41  Factory  
  25  2:47  Reaper  
  25  2:51  SCV  
  26  3:05  Reaper  
  27  3:08  SCV  
  28  3:17  Command Center  
  28  3:20  Reaper  
  28  3:22  SCV  
  28  3:26  Factory Tech Lab  
  30  3:33  Supply Depot  
  30  3:35  SCV  
  30  3:48  SCV  
  28  3:50  Cyclone  
  30  4:00  SCV  
  29  4:03  Starport  
  29  4:12  SCV  
  30  4:22  Cyclone  
  34  4:24  SCV  
  34  4:29  Orbital Command  
  34  4:33  Refinery  
  34  4:36  SCV  
  35  4:40  Medivac  
  37  4:48  SCV  
  38  4:54  Cyclone  
  38  4:55  SCV  
  42  5:00  SCV  
  42  5:04  Mag-Field Accelerator  
  43  5:07  SCV  
  43  5:08  Command Center  
  44  5:17  Starport Tech Lab  
  44  5:18  SCV  
  44  5:19  SCV  
  44  5:21  Supply Depot, Hyperflight Rotors  
  46  5:30  SCV  
  46  5:31  Supply Depot  
  46  5:32  Cyclone  
  50  5:35  Banshee  
  50  5:37  SCV  
  54  5:45  SCV  
  55  5:50  SCV  
  55  5:52  Supply Depot  
  57  5:57  SCV  
  57  6:02  SCV  
  58  6:05  Cyclone  
  58  6:06  Supply Depot  
  58  6:10  SCV, Refinery  
  62  6:12  Barracks Tech Lab  
  62  6:16  SCV  
  63  6:18  Banshee  
  63  6:22  SCV  
  63  6:23  Orbital Command  
  67  6:28  SCV  
  68  6:32  Marine  
  68  6:33  Stimpack  
  68  6:34  SCV  
  70  6:40  Supply Depot, Siege Tank  
  70  6:41  SCV  
  70  6:42  Barracks  
  70  6:44  Orbital Command  
  74  6:52  SCV  
  75  6:56  Marine  
  75  6:57  SCV  
  75  6:58  Barracks  
  75  7:00  Engineering Bay, Barracks  
  77  7:04  SCV, Engineering Bay  
  78  7:10  SCV  
  78  7:11  SCV  
  80  7:16  SCV  
  80  7:18  Siege Tank  
  79  7:23  SCV x2  
  79  7:28  SCV  
  79  7:29  Marine  
  71  7:33  Barracks Reactor  
  71  7:35  SCV  
  71  7:36  SCV  
  73  7:39  Starport Reactor  
  73  7:40  Terran Infantry Weapons Level 1, Terran Infantry Armor Level 1, SCV  
  74  7:47  Supply Depot, SCV, Marine  
  74  7:49  SCV  
  77  7:52  Barracks Reactor  
  77  8:00  SCV  
  77  8:03  Siege Tank, Barracks Reactor x2  
  77  8:04  SCV  
  77  8:05  SCV  
  80  8:07  Marine  
  80  8:08  Refinery x2  
  80  8:12  SCV  
  82  8:16  Liberator  
  82  8:17  Liberator, Marine x2  
  82  8:18  SCV, Sensor Tower  
  91  8:22  Supply Depot  
  91  8:24  Armory  
  91  8:25  SCV x2, Marine  
  94  8:27  Supply Depot  
  94  8:32  Missile Turret  
  94  8:35  Marine, Missile Turret  
  94  8:37  Siege Tank  
  94  8:39  Marine x4  
  102  8:42  Combat Shield  
  102  8:47  SCV x2  
  105  8:55  Supply Depot  
  104  8:57  Marine x5  
  104  8:58  Marine x4  
  104  8:59  Medivac  
  104  9:00  Medivac  
  117  9:15  Marine x2  
  117  9:16  Siege Tank  
  122  9:20  Command Center  
  122  9:22  Marine  
  123  9:25  Marine  
  123  9:27  Marine x5  
  123  9:29  Medivac  
  123  9:30  Medivac  
  133  9:33  Marine x2  
  134  9:40  Marine  
  134  9:42  Marine  
  134  9:44  Marine, Terran Infantry Weapons Level 2  
  134  9:45  Marine x4, Terran Infantry Armor Level 2  
  140  9:49  Supply Depot x2  
  140  9:50  Missile Turret  
  140  9:52  Marine x2  
  141  9:56  Missile Turret  
  141  9:58  Marine  
  141  9:59  Medivac  
  145  10:00  Marine, Medivac  
  145  10:02  Marine  
  145  10:06  Marine x3  
  149  10:10  Marine x2  
  151  10:14  Siege Tank  
  151  10:20  Factory  
  153  10:23  Barracks Reactor  
  153  10:26  Marine x6  
  153  10:28  Marine x2  
  157  10:29  Medivac  
  157  10:30  Barracks  
  157  10:32  Supply Depot  
  157  10:34  SCV x3  
  163  10:43  Barracks  
  163  10:44  Marine x4  
  163  10:46  SCV x2  
  163  10:47  SCV  
  170  10:56  Marine  
  166  11:03  Planetary Fortress  
  153  11:05  Marine x8  
  153  11:07  SCV x3, Sensor Tower  
  153  11:11  Siege Tank  
  167  11:13  Marine  
  167  11:14  Marine  
  169  11:19  SCV  
  169  11:20  SCV x2  
  169  11:22  Siege Tank  
  169  11:23  Marine  
  176  11:26  Marine  
  176  11:27  Supply Depot, Marine x6  
  176  11:30  Medivac x2  
  176  11:31  Marine  
  185  11:43  Siege Tank  
  188  11:49  Marine x8  
  188  11:50  Supply Depot  
  196  12:06  Terran Vehicle Weapons Level 1  
  196  12:09  Command Center  
  196  12:10  Marine  
  196  12:12  Marine, Command Center  
  196  12:14  Siege Tank  
  199  12:27  Marine  
  199  12:28  Marine  
  193  12:34  Marine x7  
  193  12:36  Barracks Reactor x2  
  198  12:38  SCV  
  192  12:45  Medivac x2  
  192  12:48  Marine  
  190  13:04  Marine x3  
  190  13:05  Siege Tank x2, Marine x6  
  191  13:06  Marine  
  198  13:13  Marine  
  198  13:15  Barracks  
  198  13:16  Barracks  
  199  13:20  Command Center  
  199  13:22  Marine  
  199  13:25  Refinery  
  199  13:26  Refinery  
  200  13:33  Command Center  
  200  13:39  Marine x13  
  190  13:41  Marine  
Tags
 
Add a new tag
Caveats
  • Supply blocks, unpowered buildings, or Contaminate may cause inaccurate times.
  • Supply counts are checked every 10 seconds.